 Dungeon Crawl Stone Soup version 0.19.0-19-g8c6edcc (webtiles) character file.

113 Yakui the Grave Robber (level 4, -3/33 HPs)
             Began as a Mummy Necromancer on Nov 14, 2016.
             Slain by a gnoll
             ... wielding a +0 halberd
              (8 damage)
             ... on level 3 of the Dungeon.
             The game lasted 00:10:37 (2690 turns).

Yakui the Grave Robber (Mummy Necromancer)          Turns: 2690, Time: 00:10:38

Health: -3/33      AC:  3    Str: 11    XL:     4   Next: 65%
Magic:  4/7        EV: 13    Int: 15    God:
Gold:   106        SH:  0    Dex: 12    Spells: 2 memorised, 3 levels left

rFire  x . .     SeeInvis .     e - +1 dagger (elec)
rCold  + . .     Gourm    .     a - +0 robe
rNeg   + + +     Faith    .     (no shield)
rPois  ∞         Spirit   .     c - +0 helmet
rElec  .         Reflect  .     (no cloak)
rCorr  .         Harm     .     (no gloves)
MR     .....                    (no boots)
Stlth  ++........               (no amulet)
                                (no ring)
                                (no ring)

@: no status effects
A: no food or potions, fire vulnerability, cold resistance 1, negative energy
resistance 3, torment resistance, unbreathing
a: no special abilities


You were on level 3 of the Dungeon.
You were not hungry.

You visited 1 branch of the dungeon, and saw 3 of its levels.

You collected 106 gold pieces.

Inventory:

Hand Weapons
 e - a +1 dagger of electrocution (weapon)
Armour
 a - a +0 robe (worn)
 c - a +0 helmet (worn)
Scrolls
 d - a scroll of recharging
 f - a scroll of immolation {unknown}
 g - a scroll of fear {unknown}
 h - a scroll of identify
Books
 b - a book of Necromancy

   Spells                             Type                      Level
   a - Pain                           Necromancy                   1
   b - Animate Skeleton               Necromancy                   1
   c - Vampiric Draining              Necromancy                   3
   d - Regeneration                   Charms/Necromancy            3
   e - Animate Dead                   Necromancy                   4
   f - Control Undead                 Necromancy                   4


   Skills:
 + Level 2.0 Fighting
 + Level 2.8 Dodging
 - Level 1.5 Stealth
 + Level 2.5 Spellcasting
 + Level 4.4 Necromancy


You had 3 spell levels left.
You knew the following spells:

 Your Spells              Type           Power        Failure   Level  Hunger
a - Pain                  Necr           ###.         3%          1    N/A
b - Animate Dead          Necr           N/A          34%         4    N/A

Dungeon Overview and Level Annotations

Branches:
Dungeon (3/15)

Altars:
Gozag

Shops:
D:2 *


Innate Abilities, Weirdness & Mutations

You do not eat or drink.
Your flesh is vulnerable to fire.
You are immune to poison.
Your flesh is cold resistant. (rC+)
You are immune to negative energy. (rN+++)
You are immune to unholy pain and torment.
You can survive without breathing.


Message History

Aiming: Pain
Press: ? - help, Shift-Dir - straight line, f/p - gnoll
Aim: a gnoll, wielding a halberd (heavily wounded, chance to defeat MR: 80%)
The gnoll writhes in agony!
The gnoll closely misses you. The jackal barely misses you.
The jackal bites you.
* * * LOW HITPOINT WARNING * * *
The jackal pauses to sniff the ground.
The jackal bites you.
* * * LOW HITPOINT WARNING * * *
The jackal bites you but does no damage.
Casting: Pain
Confirm with . or Enter, or press ? or * to list all spells.
Aiming: Pain
Press: ? - help, Shift-Dir - straight line, f/p - gnoll
Aim: a gnoll, wielding a halberd (severely wounded, chance to defeat MR: 80%)
The gnoll barely resists.
The jackal bites you.
* * * LOW HITPOINT WARNING * * *
The gnoll hits you from afar with a halberd!
You die...

#####################
.............P......#
.....P..............#
≈≈≈≈≈≈≈≈≈≈≈≈≈≈≈≈@...#
≈≈≈†≈≈≈≈≈≈≈≈≈≈≈≈h...#
≈≈≈≈≈≈≈≈≈#####≈≈.g..#
.........#.gg#≈≈....#
##########...#≈≈....#
#'###≈≈....#
#.#.≈≈≈....#
#.≈≈≈....# #.≈≈≈....#


You could see a gnoll and a jackal.

Vanquished Creatures
  A gnoll (D:3)
  2 adders (D:2)
  4 worms (D:2)
  4 leopard geckos
  4 bats
  6 giant cockroaches
  8 goblins
  7 hobgoblins
  13 jackals (D:3)
  A quokka (D:3)
  3 frilled lizards
  3 kobolds (D:1)
  7 rats
63 creatures vanquished.

Notes
Turn   | Place    | Note
-------+----------+-------------------------------------------
     0 | D:1      | Yakui the Mummy Necromancer began the quest for the Orb.
     0 | D:1      | Reached XP level 1. HP: 13/13 MP: 3/3
   332 | D:1      | Reached XP level 2. HP: 13/19 MP: 5/5
  1329 | D:2      | Reached skill level 1 in Fighting
  1329 | D:2      | Reached XP level 3. HP: 25/26 MP: 6/6
  1578 | D:2      | Found Gozag's Platinum Reserve.
  1579 | D:2      | Found an opulent altar of Gozag.
  2164 | D:2      | Reached XP level 4. HP: 20/32 MP: 2/7
  2391 | D:3      | Learned a level 4 spell: Animate Dead
  2690 | D:3      | Slain by a gnoll

Skill      XL: |  1  2  3  4 |
---------------+-------------+-----
Dodging        | 2 |  2.8
Fighting       | 1 2 |  2.0
Stealth        | |  1.5
Spellcasting   | |  2.5
Necromancy     | |  4.4

Action                   |  1- 3 |  4- 6 || total
-------------------------+-------+-------++-------
Melee: Unarmed           |    10 |       ||    10
       Dagger            |    84 |    67 ||   151
 Cast: Pain              |    26 |     9 ||    35
       Animate Dead      |       |     1 ||     1
  Use: Scroll            |       |     1 ||     1
 Stab: Sleeping          |     4 |       ||     4
Armor: Robe              |    15 |    16 ||    31
Dodge: Dodged            |    38 |    70 ||   108
